 Dungeon Crawl Stone Soup version 0.19.5 (webtiles) character file.

9620 Arvee the Fighter (level 11, -3/111 (113) HPs)
             Began as a Troll Fighter on Apr 13, 2017.
             Was a High Priest of Trog.
             Slain by an unseen horror (11 damage)
             ... on level 10 of the Dungeon.
             The game lasted 00:17:51 (6797 turns).

Arvee the Fighter (Troll Fighter)                   Turns: 6797, Time: 00:17:51

HP:   -3/111 (113)  AC:  6    Str: 31    XL:     11   Next: 25%
MP:   10/10         EV: 14    Int:  4    God:    Trog [*****.]
Gold: 457           SH:  0    Dex: 12    Spells: 0 memorised, 10 levels left

rFire  + . .     SeeInvis .     u - +6 battleaxe of Day {elec, rElec}
rCold  . . .     Gourm    +     B - +0 robe {rF+}
rNeg   + . .     Faith    .     (shield currently unavailable)
rPois  .         Spirit   .     N - +1 hat
rElec  +         Reflect  .     (no cloak)
rCorr  .         Harm     .     (gloves unavailable)
MR     .....                    (boots unavailable)
Stlth  +.........               (no amulet)
                                j - ring of positive energy
                                r - +5 ring of strength

@: no status effects
A: unfitting armour, claws 3, fast metabolism 3, gourmand, regeneration 1,
shaggy fur 1, tough skin 2
a: Berserk, Trog's Hand, Brothers in Arms, Burn Spellbooks, Renounce Religion


You were on level 10 of the Dungeon.
You worshipped Trog.
Trog was extremely pleased with you.
You were full.

You visited 1 branch of the dungeon, and saw 10 of its levels.
You also visited: Sewer.

You collected 457 gold pieces.

Inventory:

Hand Weapons
 u - the +6 battleaxe of Day (weapon) {elec, rElec}
   (You found it on level 4 of the Dungeon)

   Occasionally, upon striking a foe, it will discharge some electrical energy
   and cause terrible harm.
   It insulates you from electricity.
 G - a +0 executioner's axe
Armour
 a - a +0 robe
 b - a +1 shield
 B - a +0 robe of fire resistance (worn)
 N - a +1 hat (worn)
Rods
 m - a +0 iron rod (10/10)
   (You found it on level 5 of the Dungeon)
Jewellery
 j - a ring of positive energy (right claw)
 n - an uncursed ring of stealth
 r - a +5 ring of strength (left claw)
 K - an uncursed ring of wizardry
 O - a +2 ring of dexterity {unknown}
Wands
 w - a wand of lightning (5/15)
 y - a wand of flame (26/48)
 z - a wand of flame (19/48)
 F - a wand of random effects (21/48)
 I - a wand of iceblast (7/15)
 M - a wand of flame (10/48)
Scrolls
 f - 3 scrolls of teleportation
 l - 2 scrolls of fear
 x - a scroll of enchant weapon {unknown}
 C - a scroll of remove curse
 D - 2 scrolls of magic mapping
Potions
 c - 6 potions of might
 e - a potion of cancellation {unknown}
 h - 3 potions of degeneration {unknown}
 k - 2 potions of berserk rage {unknown}
 p - 2 potions of brilliance
 q - a potion of mutation {unknown}
 s - a potion of beneficial mutation {unknown}
 t - 2 potions of haste {unknown}
 v - 4 potions of curing {unknown}
 A - 2 potions of invisibility
 H - a potion of heal wounds {unknown}
 J - a potion of ambrosia {unknown}
Miscellaneous
 L - a sack of spiders
Comestibles
 d - 9 bread rations
 g - 7 fruits
 i - 5 meat rations
 o - 4 beef jerkies
 E - a slice of pizza


   Skills:
 + Level 8.7 Fighting
 + Level 7.6 Axes
 + Level 8.7 Dodging
 - Level 4.2 Shields
 - Level 4.8 Unarmed Combat


You had 10 spell levels left.
You didn't know any spells.

Dungeon Overview and Level Annotations

Branches:
Dungeon (10/15)            Temple (0/1) D:5
   Lair: D:8-11         Orc: D:9-12

Altars:
Dithmenos
Elyvilon
Hepliaklqana
Kikubaaqudgha
Sif Muna
Trog
Vehumet
Xom
Yredelemnul


Innate Abilities, Weirdness & Mutations

You are too large for most types of armour.
You have claws for hands.
Your metabolism is lightning-fast.
You like to eat raw meat.
Your natural rate of healing is unusually fast.
You are covered in fur. (AC +1)
You have very tough skin. (AC +2)


Message History

You slice the scorpion!!
You kill the scorpion!
Trog accepts your kill.
You start resting.
There is a strange disturbance nearby!
There is a strange disturbance nearby!
There is a strange disturbance nearby!
Something hits you!
* * * LOW HITPOINT WARNING * * *
Something hits you but does no damage. Something hits you!
* * * LOW HITPOINT WARNING * * *
A hippogriff and a jelly come into view.
Something hits you.
* * * LOW HITPOINT WARNING * * *
Something hits you!
* * * LOW HITPOINT WARNING * * *
Something hits you but does no damage.
A phantom comes into view.
Something hits you!
You die...

#...# #.##..# #.
#...####.....##. #W
#............... ##..
#...............
.....#..####.........
.....#..# #..>......
.....r...# #.........
H....J...# #.........
.....###@# #.......$.
..... #..............
.... #..............
... #.####... ... #.#
.. #.# #.# #.#


You could see a phantom, a jelly and a river rat.

Vanquished Creatures
  Gastronok (D:9)
  Erica (D:8)
  Pikel (D:5)
  Joseph (D:8)
  Maurice (D:8)
  Grinder (D:5)
  A hippogriff (D:8)
  A spriggan (D:8)
  8 yaks
  2 water moccasins
  A black bear (D:10)
  3 sky beasts
  A necrophage (D:6)
  An orc warrior (D:9)
  An eye of draining (D:8)
  4 ogres
  2 crocodiles
  5 big kobolds (Sewer)
  4 bullfrogs
  9 scorpions
  8 killer bees
  17 wights
  4 howler monkeys
  2 crimson imps (D:10)
  A jelly (D:6)
  A centaur zombie (D:8)
  4 orc priests
  A bullfrog skeleton (D:6)
  5 hounds
  4 orc wizards
  4 iguanas
  A hell rat (D:10)
  4 worker ants
  2 hound skeletons
  A howler monkey skeleton (D:9)
  13 adders
  2 river rats
  3 shadow imps
  2 oozes (Sewer)
  7 worms
  A leopard gecko (D:5)
  33 orcs
  7 ball pythons
  5 giant cockroaches
  7 goblins
  6 hobgoblins
  13 jackals
  12 kobolds
  A quokka (D:5)
  4 bats (D:6)
  3 frilled lizards
  A giant cockroach zombie (D:6)
  A leopard gecko skeleton (D:6)
  A quokka skeleton (D:8)
  10 rats
  4 fungi (D:6)
244 creatures vanquished.

Vanquished Creatures (others)
  3 slaves (D:5)
  A hound (D:5)
4 creatures vanquished.

Grand Total: 248 creatures vanquished

Notes
Turn   | Place    | Note
-------+----------+-------------------------------------------
     0 | D:1      | Arvee the Troll Fighter began the quest for the Orb.
     0 | D:1      | Reached XP level 1. HP: 22/22 MP: 0/0
   217 | D:1      | Reached XP level 2. HP: 29/29 MP: 1/1
   564 | D:2      | Found a bloodstained altar of Trog.
   566 | D:2      | Found a shimmering altar of Xom.
   566 | D:2      | Found a deep blue altar of Sif Muna.
   568 | D:2      | Found a white marble altar of Elyvilon.
   569 | D:2      | Found a basalt altar of Yredelemnul.
   574 | D:2      | Reached XP level 3. HP: 33/36 MP: 2/2
   579 | D:2      | Became a worshipper of Trog the Wrathful
   817 | D:3      | Reached XP level 4. HP: 35/44 MP: 3/3
  1368 | D:4      | Found a hazy altar of Hepliaklqana.
  1482 | D:4      | Noticed an ogre
  1490 | D:4      | Killed an ogre
  1490 | D:4      | Reached XP level 5. HP: 34/53 MP: 4/4
  1541 | D:4      | Reached * piety under Trog
  1582 | D:4      | Reached XP level 6. HP: 52/61 MP: 5/5
  1865 | D:4      | Found a glowing drain.
  1871 | Sewer    | Entered a sewer
  1971 | Sewer    | Reached XP level 7. HP: 60/68 MP: 6/6
  2206 | Sewer    | Reached ** piety under Trog
  2478 | D:4      | Found a faded altar of an unknown god.
  2478 | D:4      | Found a faded altar of an unknown god.
  2483 | D:4      | Found a faded altar of an unknown god.
  2485 | D:4      | Found a faded altar of an unknown god.
  2487 | D:4      | Found a shadowy altar of Dithmenos.
  2495 | D:4      | Got a twisted battleaxe
  2506 | D:4      | Identified the +6 battleaxe of Day {elec, rElec} (You found it on level 4 of the Dungeon)
  2511 | D:5      | Entered Level 5 of the Dungeon
  2540 | D:5      | Found a white marble altar of Elyvilon.
  2541 | D:5      | Noticed Grinder
  2546 | D:5      | Reached skill level 1 in Axes
  2546 | D:5      | Paralysed by Grinder for 4 turns
  2557 | D:5      | Paralysed by Grinder for 4 turns
  2563 | D:5      | Killed Grinder
  2563 | D:5      | Reached XP level 8. HP: 26/79 MP: 7/7
  2799 | D:5      | Reached skill level 5 in Fighting
  2912 | D:5      | Noticed Pikel
  2924 | D:5      | Killed Pikel
  2924 | D:5      | Reached skill level 5 in Dodging
  2929 | D:5      | Found a staircase to the Ecumenical Temple.
  2997 | D:6      | Found a radiant altar of Vehumet.
  3084 | D:6      | Reached XP level 9. HP: 87/87 MP: 8/8
  3474 | D:6      | Reached *** piety under Trog
  4229 | D:8      | Reached skill level 5 in Axes
  4427 | D:8      | Noticed Erica
  4441 | D:8      | Killed Erica
  4441 | D:8      | Reached **** piety under Trog
  4441 | D:8      | Reached XP level 10. HP: 75/100 MP: 9/9
  4452 | D:8      | Noticed Joseph
  4463 | D:8      | Killed Joseph
  5015 | D:8      | Found a radiant altar of Vehumet.
  5145 | D:8      | Noticed Maurice
  5154 | D:8      | Killed Maurice
  5348 | D:9      | Noticed Gastronok
  5356 | D:9      | Killed Gastronok
  5521 | D:9      | Reached XP level 11. HP: 84/111 MP: 10/10
  5999 | D:9      | Found an ancient bone altar of Kikubaaqudgha.
  6308 | D:10     | Entered Level 10 of the Dungeon
  6684 | D:10     | Reached ***** piety under Trog
  6739 | D:10     | HP: 1/111 [something (9)]
  6797 | D:10     | Slain by an unseen horror

Skill      XL: |  1  2  3  4  5  6  7  8  9 10 |
---------------+-------------------------------+-----
Unarmed Combat | 3 4 |  4.8
Fighting       | 3 4 5 7 8 |  8.7
Shields        | 3 4 |  4.2
Dodging        | 3 4 5 7 8 |  8.7
Axes           | 1 3 5 7 |  7.6

Action                   |  1- 3 |  4- 6 |  7- 9 | 10-12 || total
-------------------------+-------+-------+-------+-------++-------
Melee: Unarmed           |    56 |   124 |    61 |       ||   241
       Battleaxe         |       |       |   175 |   175 ||   350
Invok: Berserk           |       |       |     1 |       ||     1
       Trog's Hand       |       |       |     1 |       ||     1
  Use: Scroll            |     4 |       |     5 |     2 ||    11
       Potion            |     3 |       |       |       ||     3
 Stab: Sleeping          |     1 |     1 |       |     3 ||     5
       Invisible         |       |     1 |       |       ||     1
       Distracted        |       |       |       |     1 ||     1
  Eat: Chunk             |     6 |    14 |    21 |    23 ||    64
       Bread ration      |       |     1 |       |       ||     1
       Beef jerky        |       |       |       |     1 ||     1
Armor: Robe              |     7 |    40 |    66 |    32 ||   145
Dodge: Dodged            |    16 |    34 |   149 |   123 ||   322
Block: Shield            |    20 |    73 |    20 |       ||   113
